 Dungeon Crawl Stone Soup version 0.21.1-1-g345015f (webtiles) character file.

31 empire the Ducker (level 3, -2/31 HPs)
             Began as a Gnoll Gladiator on Apr 5, 2018.
             Shot with a stone by a goblin (4 damage)
             ... led by Robin
             ... on level 2 of the Dungeon.
             The game lasted 00:01:31 (569 turns).

empire the Ducker (Gnoll Gladiator)                  Turns: 569, Time: 00:01:32

Health: -2/31      AC:  4    Str: 22    XL:     3   Next: 22%
Magic:  3/3        EV: 16    Int: 10    God:
Gold:   16         SH:  0    Dex: 16    Spells: 3/3 levels left

rFire    . . .     SeeInvis .   b - +2 halberd (chop)
rCold    . . .     Gourm    .   (shield currently unavailable)
rNeg     . . .     Faith    .   e - +0 leather armour
rPois    .         Spirit   .   c - +0 helmet
rElec    .         Reflect  .   (no cloak)
rCorr    .         Harm     .   (no gloves)
MR       .....                  (no boots)
Stlth    +.........             (no amulet)
HPRegen  0.10/turn              (no ring)
MPRegen  0.08/turn              (no ring)

@: mighty, flying
A: distributed training, fangs 1, strong nose
a: no special abilities


You were on level 2 of the Dungeon.
You were not hungry.

You visited 1 branch of the dungeon, and saw 2 of its levels.

You collected 16 gold pieces.

Inventory:

Hand Weapons
 a - a +0 war axe
 b - a +2 halberd of chopping (weapon)
Missiles
 d - 3 throwing nets (quivered)
 l - 17 bolts
Armour
 c - a +0 helmet (worn)
 e - a +0 leather armour (worn)
 j - a +0 ring mail
Scrolls
 g - a scroll of immolation {unknown}
Comestibles
 f - 3 rations
 i - 3 chunks of flesh


   Skills:
 + Level 4.5 Fighting
 + Level 0.6 Short Blades
 + Level 0.6 Long Blades
 + Level 6.5 Axes
 + Level 0.6 Maces & Flails
 + Level 0.6 Polearms
 + Level 0.6 Staves
 + Level 0.6 Slings
 + Level 0.6 Bows
 + Level 0.6 Crossbows
 + Level 4.5 Throwing
 + Level 0.6 Armour
 + Level 6.5 Dodging
 + Level 0.6 Stealth
 + Level 0.6 Shields
 + Level 0.6 Unarmed Combat
 + Level 0.6 Spellcasting
 + Level 0.4 Conjurations
 + Level 0.4 Hexes
 + Level 0.4 Charms
 + Level 0.4 Summonings
 + Level 0.4 Necromancy
 + Level 0.4 Translocations
 + Level 0.4 Transmutations
 + Level 0.4 Fire Magic
 + Level 0.4 Ice Magic
 + Level 0.4 Air Magic
 + Level 0.4 Earth Magic
 + Level 0.4 Poison Magic
 + Level 0.8 Invocations
 + Level 0.6 Evocations


You had 3 spell levels left.
You didn't know any spells.

Dungeon Overview and Level Annotations

Branches:
Dungeon (1/15)

Altars:

Annotations:
D:2 Robin


Innate Abilities, Weirdness & Mutations

Your experience applies equally to all skills.
You have very sharp teeth.
Your uncanny sense of smell can sniff out nearby items.


Message History

The goblin closely misses you. The goblin hits you but does no damage.
The kobold throws a stone.
The stone hits you but does no damage. Robin throws the goblin at you!
It was a potion of flight.
You feel very buoyant.
You fly up into the air.
The goblin hits you but does no damage. The goblin barely misses you.
The goblin hits you but does no damage. The goblin completely misses you.
You puncture the goblin!
You kill the goblin!
The goblin misses you. The goblin hits you with a dagger.
* * * LOW HITPOINT WARNING * * *
The goblin closely misses you. The goblin barely misses you.
The hobgoblin hits you but does no damage.
The goblin hits you but does no damage. The goblin hits you with a dagger.
* * * LOW HITPOINT WARNING * * *
The goblin wields a runed hunting sling.
The goblin shoots a stone.
The stone hits you.
You die...

###########
#.........#
#.........+ g
#......... ...
.........########w...
.......g.ggglg).>....
.......g.#..g........
#####K@.#K#..##.....
#...#.##.# #+##
#...#.##.# #.###.##..
#. #.###.# .. #.# ..
... #. #.. ...


You could see 4 goblins and a kobold.

Vanquished Creatures
  A gnoll (D:1)
  A ball python (D:2)
  A bat (D:1)
  9 goblins
  A hobgoblin (D:1)
  2 frilled lizards (D:1)
  A kobold (D:1)
  5 rats
21 creatures vanquished.

Notes
Turn   | Place    | Note
-------+----------+-------------------------------------------
     0 | D:1      | empire the Gnoll Gladiator began the quest for the Orb.
     0 | D:1      | Reached XP level 1. HP: 20/20 MP: 1/1
    59 | D:1      | Reached XP level 2. HP: 6/26 MP: 2/2
   447 | D:1      | Reached XP level 3. HP: 31/31 MP: 3/3
   549 | D:1      | You fall through a shaft!
   555 | D:2      | Noticed Robin
   569 | D:2      | Shot with a stone by a goblin

Action                   || total
-------------------------++-------
Melee: War axe           ||    11
       Bite              ||     3
       Halberd           ||    24
  Use: Potion            ||     2
Armor: Leather armour    ||    19
Dodge: Dodged            ||    43
